 Dungeon Crawl Stone Soup version 0.20.1-1-g8b1a95d (webtiles) character file.

269 letownia2 the Grave Robber (level 6, -8/49 HPs)
             Began as a Deep Dwarf Necromancer on Nov 2, 2017.
             Mangled by AdmiralAndromeda's ghost (11 damage)
             ... on level 5 of the Dungeon.
             The game lasted 00:05:03 (1992 turns).

letownia2 the Grave Robber (Deep Dwarf Necromancer) Turns: 1992, Time: 00:05:04

Health: -8/49      AC:  3    Str: 12    XL:     6   Next: 1%
Magic:  10/10      EV: 12    Int: 17    God:
Gold:   133        SH:  0    Dex: 13    Spells: 6/10 levels left

rFire    . . .     SeeInvis +   a - -2 dagger (curse)
rCold    . . .     Gourm    .   (no shield)
rNeg     . . .     Faith    .   u - +0 leather armour
rPois    .         Spirit   .   (no helmet)
rElec    .         Reflect  .   (no cloak)
rCorr    .         Harm     .   (no gloves)
MR       .....                  (no boots)
Stlth    ++........             (no amulet)
Regen    0.0/turn               f - ring of see invisible
MPRegen  0.2/turn               (no ring)

@: non-regenerating
A: damage resistance, heal wounds, sense surroundings 1, no regeneration
a: Heal Wounds


You were on level 5 of the Dungeon.
You were near starving.

You visited 1 branch of the dungeon, and saw 5 of its levels.

You collected 133 gold pieces.

Inventory:

Hand Weapons
 a - a cursed -2 dagger (weapon)
 n - a +0 lajatang
Missiles
 i - 10 poisoned needles
Armour
 j - a +0 robe
 u - a +0 leather armour (worn)
 y - a +0 ring mail
Jewellery
 f - a ring of see invisible (left hand)
Scrolls
 e - a scroll of teleportation {unknown}
 g - a scroll of fog {unknown}
 h - a scroll of magic mapping {unknown}
 o - 2 scrolls of identify {unknown}
 r - a scroll of enchant armour {unknown}
 v - a scroll of recharging {unknown}
 w - a scroll of enchant weapon {unknown}
Potions
 d - a potion of degeneration {unknown}
 k - a potion of cancellation {unknown}
 l - a potion of haste {unknown}
 p - 2 potions of curing {unknown}
 s - 3 potions of brilliance {unknown}
 x - a potion of heal wounds {unknown}
 z - a potion of lignification {unknown}
 A - a potion of flight {unknown}
Books
 b - a book of Necromancy

   Spells                             Type                      Level
   a - Pain                           Necromancy                   1
   b - Animate Skeleton               Necromancy                   1
   c - Vampiric Draining              Necromancy                   3
   d - Regeneration                   Charms/Necromancy            3
   e - Animate Dead                   Necromancy                   4
   f - Control Undead                 Necromancy                   4
 q - a book of Maledictions

   Spells                             Type                      Level
   a - Corona                         Hexes                        1
   b - Ensorcelled Hibernation        Hexes/Ice                    2
   c - Confuse                        Hexes                        3
   d - Tukima's Dance                 Hexes                        3
   e - Dazzling Spray                 Conjuration/Hexes            3
Comestibles
 c - 4 bread rations
 m - 3 meat rations
 t - 8 fruits


   Skills:
 - Level 2.1 Dodging
 - Level 2.4 Stealth
 + Level 2.6 Spellcasting
 + Level 7.5 Necromancy


You had 6 spell levels left.
You knew the following spells:

 Your Spells              Type           Power        Failure   Level  Hunger
a - Pain                  Necr           ####         1%          1    #......
v - Vampiric Draining     Necr           ####......   3%          3    ###....


Dungeon Overview and Level Annotations

Branches:
Dungeon (5/15)
 Temple: D:4-7

Altars:
Dithmenos
Fedhas
Hepliaklqana
Kikubaaqudgha
Ru
Sif Muna
Xom

Annotations:
D:5 AdmiralAndromeda's ghost, amateur CeGl; Menkaure


Innate Abilities, Weirdness & Mutations

You are resistant to damage.
You can heal yourself by infusing magical energy.
You passively map a small area around you.
You do not regenerate.


Message History

There is an open door here.
You open the door.
There is an open door here.
There is an open door here.
There is an open door here.
There is an open door here.
There is an open door here.
There is an open door here.
o - 2 scrolls labeled TIUD HUBLIKIM (gained 1)
You open the door.
There is an open door here.
There is an open door here.
Found an escape hatch in the ceiling.
There is an open door here.
Found a stone staircase leading down.
AdmiralAndromeda's ghost (amateur Centaur Gladiator) comes into view.
AdmiralAndromeda's ghost turns its malevolent gaze towards you.
AdmiralAndromeda's ghost whispers, "Everlasting silence awaits you..."
AdmiralAndromeda's ghost hits you!
You die...

..........#....... ,,
........#....... ,
,.>....#......., ,,
#...# ......#*
#...##......#* ,
#...........# ,
,,,#...........# ,
,#..W........# , , ,
#..@##......# , ,
#...####'####
##########..........
#....................#,
, #..................
.# , ,
#....<.......##...., #
* ###########'###....
#...#.........# ...,,
#...#.........#, .., ,


You could see AdmiralAndromeda's ghost.

Vanquished Creatures
  A sky beast (D:4)
  An ogre (D:5)
  2 worker ants (D:4)
  An adder (D:5)
  A dart slug (D:3)
  6 orcs
  3 giant cockroaches
  3 goblins (D:3)
  2 hobgoblins
  A kobold (D:1)
  A quokka (D:4)
  A bat (D:3)
  A frilled lizard (D:2)
  2 rats
26 creatures vanquished.

Notes
Turn   | Place    | Note
-------+----------+-------------------------------------------
     0 | D:1      | letownia2 the Deep Dwarf Necromancer began the quest for the Orb.
     0 | D:1      | Reached XP level 1. HP: 15/15 MP: 3/3
   261 | D:2      | Found a sacrificial altar of Ru.
   263 | D:2      | Found an ancient bone altar of Kikubaaqudgha.
   263 | D:2      | Found a deep blue altar of Sif Muna.
   268 | D:2      | Found a shadowy altar of Dithmenos.
   268 | D:2      | Found a hazy altar of Hepliaklqana.
   390 | D:3      | Reached XP level 2. HP: 22/22 MP: 3/5
   439 | D:3      | Found a shimmering altar of Xom.
   440 | D:3      | Found a shimmering altar of Xom.
   442 | D:3      | Found a shimmering altar of Xom.
   442 | D:3      | Found a shimmering altar of Xom.
   453 | D:3      | Found a shimmering altar of Xom.
   620 | D:4      | Reached skill level 5 in Necromancy
   992 | D:4      | Reached XP level 3. HP: 20/28 MP: 3/6
  1000 | D:4      | Learned a level 3 spell: Vampiric Draining
  1130 | D:4      | Noticed a sky beast
  1308 | D:4      | Found a blossoming altar of Fedhas.
  1313 | D:4      | Reached skill level 6 in Necromancy
  1313 | D:4      | Reached XP level 4. HP: 30/36 MP: 3/7
  1492 | D:4      | Killed a sky beast
  1492 | D:4      | Reached skill level 7 in Necromancy
  1492 | D:4      | Reached XP level 5. HP: 18/42 MP: 0/8
  1622 | D:5      | Entered Level 5 of the Dungeon
  1707 | D:5      | Noticed Menkaure
  1734 | D:5      | Noticed an ogre
  1745 | D:5      | HP: 2/42 [ogre/giant spiked club (18)]
  1755 | D:5      | Killed an ogre
  1755 | D:5      | Reached XP level 6. HP: 3/49 MP: 0/10
  1986 | D:5      | Noticed AdmiralAndromeda's ghost (amateur CeGl)
  1992 | D:5      | Mangled by AdmiralAndromeda's ghost

Skill      XL: |  1  2  3  4 |
---------------+-------------+-----
Spellcasting   | 2 |  2.6
Necromancy     | 5 6 7 |  7.5
Dodging        | |  2.1
Stealth        | |  2.4

Action                   |  1- 3 |  4- 6 || total
-------------------------+-------+-------++-------
Melee: Dagger            |     2 |       ||     2
 Cast: Pain              |    51 |    11 ||    62
       Vampiric Draining |     1 |     5 ||     6
  Eat: Chunk             |     2 |       ||     2
       Fruit             |       |     1 ||     1
Armor: Robe              |     2 |       ||     2
Dodge: Dodged            |    19 |     2 ||    21
